 Dungeon Crawl Stone Soup version 0.26.0-41-g79a4fc7684 (webtiles) character file.

Game seed: 6566403092139344447

37 kaeus the Chopper (level 3, 0/49 HPs)
             Began as a Minotaur Berserker on Jan 26, 2021.
             Was a Follower of Trog.
             Slain by a gnoll
             ... wielding a +0 club
              (5 damage)
             ... on level 2 of the Dungeon.
             The game lasted 00:01:07 (1574 turns).

kaeus the Chopper (Minotaur Berserker)              Turns: 1574, Time: 00:01:07

Health: 0/49       AC:  3    Str: 22    XL:     3   Next: 21%
Magic:  2/2        EV: 12    Int:  4    God:    Trog [*.....]
Gold:   66         SH:  0    Dex:  9    Spells: 2/2 levels left

rFire    . . .     SeeInvis .   a - +0 hand axe
rCold    . . .     Faith    .   (no shield)
rNeg     . . .     Spirit   .   k - +0 leather armour
rPois    .         Reflect  .   (helmet restricted)
rElec    .         Harm     .   (no cloak)
rCorr    .         Rampage  .   (no gloves)
Will     .....                  (no boots)
Stlth    ..........             (no amulet)
HPRegen  0.16/turn              (no ring)
MPRegen  0.08/turn              (no ring)

@: berserking, very quick
A: retaliatory headbutt, horns 2
a: Renounce Religion, Berserk


You were on level 2 of the Dungeon.
You worshipped Trog.
Trog was aware of your devotion.
You visited 1 branch of the dungeon, and saw 2 of its levels.

You collected 66 gold pieces.

Inventory:

Hand Weapons
 a - a +0 hand axe (weapon)
Armour
 k - a +0 leather armour (worn)
Scrolls
 c - a scroll of enchant weapon {unknown}
 d - a scroll of fog {unknown}
 f - a scroll of identify {unknown}
 g - 6 scrolls of teleportation {unknown}
 h - a scroll of fear {unknown}
 i - 2 scrolls of remove curse {unknown}
Potions
 b - a potion of mutation {unknown}
 e - a potion of flight {unknown}
 j - a potion of lignification {unknown}
 l - a potion of resistance {unknown}


   Skills:
 + Level 4.0 Fighting
 * Level 4.3 Axes
 + Level 2.9 Armour
 + Level 2.6 Dodging


You had 2 spell levels left.
You didn't know any spells.
Your spell library was empty.

Dungeon Overview and Level Annotations

Branches:
Dungeon (2/15)

Altars:
Cheibriados


Innate Abilities, Weirdness & Mutations

You reflexively headbutt those who attack you in melee.
You have a pair of horns on your head.


Message History

You take 6 damage, and have 22/33 hp.
You slash the gnoll!
The gnoll is severely wounded.
You barely miss the goblin. You completely miss the gnoll.
The gnoll hits you with a +0 club. The gnoll hits you but does no damage.
The gnoll hits you from afar with a +0 halberd.
The goblin barely misses you. You furiously retaliate!
You headbutt the goblin!
You kill the goblin!
Trog accepts your kill. The gnoll hits you with a +0 flail!
* * * LOW HITPOINT WARNING * * *
There are monsters nearby!
You are too injured to fight recklessly!
There are monsters nearby!
You take 19 damage, and have 3/33 hp.
MASSIVE DAMAGE!!
The gnoll hits you but does no damage.
A red film seems to cover your vision as you go berserk!
You feel yourself moving faster!
You feel mighty! The gnoll hits you with a +0 club.
You die...

#........# #........###
#.........[ #........#
#........# #...gw)..#
#........#
..############g.#####
...........@gg).....$(
##.....########.#####
#####..##### ....##.##...
##<....# ###.##.##._.
#####.### #.##.##...
#.†.####.##.##..#
#######....#.##.##..# #
####......###......#...#
..##
###(....####...##.......#)#


You could see 3 gnolls.

Vanquished Creatures
  A worm (D:2)
  A leopard gecko (D:1)
  2 giant cockroaches (D:1)
  9 goblins
  4 hobgoblins
  A ball python (D:1)
  2 bats (D:1)
  3 frilled lizards
  3 kobolds
  6 rats (D:1)
32 creatures vanquished.

Notes
Turn   | Place    | Note
-------+----------+-------------------------------------------
     0 | D:1      | kaeus the Minotaur Berserker began the quest for the Orb.
     0 | D:1      | Reached XP level 1. HP: 19/19 MP: 0/0
    82 | D:1      | Reached XP level 2. HP: 22/27 MP: 1/1
  1255 | D:2      | Reached XP level 3. HP: 26/33 MP: 2/2
  1400 | D:2      | Found a snail-covered altar of Cheibriados.
  1574 | D:2      | Slain by a gnoll

Illustrated notes

Levels and vault maps discovered:
D:1:      ncdulo_smallfort, layout_basic
D:2:      layout_rooms, cheibriados_altar_1

Skill      XL: |  1  2 |
---------------+-------+-----
Axes           | 4 |  4.3
Fighting       | 4 |  4.0
Armour         | |  2.9
Dodging        | |  2.6

Action                   || total
-------------------------++-------
Melee: Hand axe          ||    57
       Headbutt          ||     5
Invok: Berserk           ||     1
Armor: Animal skin       ||     3
       Leather armour    ||     5
Dodge: Dodged            ||    40
